Map: Яганната РВ

Players

Kantara - Winner!

  • Race: Protoss Protoss
  • League: Diamond

Stinktier

  • Race: Terran Terran
  • League: Diamond

VOD

Have the link to the VOD?

Description

Time

  • Played on: June 29, 2021, 4:04 p.m.
  • Length: 20:57
Show
View Real Time Build Order
Export as new Build Order

Kantara Protoss - Winner!

Build Orders: 1 Gate Expand, Oracle Opening, Phoenix Opening, Carriers, Colossus Rush 

Get SALT Encoding   

  12  0:00  Probe  
  13  0:12  Probe  
  14  0:20  Pylon  
  14  0:24  Probe  
  15  0:38  Probe (Chrono Boost)  
  15  0:39  Gateway  
  16  0:48  Assimilator  
  17  0:50  Probe (Chrono Boost)  
  17  0:56  Probe (Chrono Boost)  
  18  1:05  Probe  
  19  1:17  Probe  
  20  1:25  Nexus  
  20  1:39  Cybernetics Core  
  20  1:44  Probe  
  21  1:50  Assimilator  
  20  1:56  Probe  
  20  1:57  Pylon  
  21  2:08  Probe (Chrono Boost)  
  22  2:18  Adept  
  22  2:20  Probe (Chrono Boost), Warp Gate  
  25  2:29  Probe (Chrono Boost)  
  26  2:35  Stargate  
  26  2:40  Probe (Chrono Boost)  
  27  2:47  Probe x2 (Chrono Boost)  
  29  2:54  Sentry, Shield Battery  
  29  2:57  Probe (Chrono Boost), Shield Battery  
  33  2:59  Probe (Chrono Boost)  
  33  3:01  Assimilator  
  33  3:02  Probe (Chrono Boost)  
  34  3:08  Probe  
  35  3:14  Probe  
  35  3:19  Phoenix  
  38  3:23  Adept  
  40  3:37  Probe  
  40  3:38  Robotics Facility  
  41  3:53  Probe (Chrono Boost)  
  41  3:55  Oracle  
  46  3:58  Probe (Chrono Boost)  
  46  4:02  Assimilator, Probe (Chrono Boost)  
  45  4:09  Probe  
  46  4:12  Pylon  
  46  4:27  Immortal (Chrono Boost)  
  46  4:30  Probe  
  51  4:33  Robotics Bay  
  51  4:34  Nexus  
  51  4:37  Probe  
  52  4:42  Probe  
  53  4:49  Probe  
  54  4:55  Pylon  
  54  5:12  Pylon  
  54  5:13  Probe x2, Immortal (Chrono Boost)  
  60  5:16  Adept  
  62  5:30  Probe x2, Oracle  
  62  5:32  Pylon  
  67  5:36  Pylon  
  67  5:39  Twilight Council  
  67  5:47  Extended Thermal Lance  
  67  5:49  Colossus (Chrono Boost)  
  67  5:50  Probe  
  67  5:52  Probe  
  75  5:59  Gateway  
  75  6:01  Gateway  
  77  6:06  Probe (Chrono Boost), Sentry  
  77  6:08  Probe x2 (Chrono Boost)  
  80  6:20  Probe  
  80  6:21  Pylon, Probe  
  80  6:22  Probe  
  83  6:31  Charge (Chrono Boost)  
  83  6:33  Probe  
  83  6:38  Colossus  
  90  6:41  Forge  
  90  6:43  Forge  
  90  6:45  Pylon, Probe (Chrono Boost)  
  93  6:51  Probe x2 (Chrono Boost)  
  93  6:54  Sentry x2  
  95  6:59  Probe (Chrono Boost)  
  95  7:01  Templar Archives  
  98  7:03  Assimilator  
  98  7:06  Assimilator  
  98  7:09  Zealot  
  98  7:13  Protoss Ground Weapons Level 1 (Chrono Boost), Protoss Ground Armor Level 1 (Chrono Boost)  
  98  7:15  Gateway  
  100  7:17  Gateway  
  100  7:24  Gateway x2  
  100  7:27  Pylon  
  100  7:39  Photon Cannon  
  100  7:41  Photon Cannon  
  100  7:43  Shield Battery  
  100  7:50  Probe x3  
  103  8:00  Colossus (Chrono Boost)  
  103  8:02  Probe x3  
  112  8:07  Zealot  
  112  8:08  Zealot x2  
  112  8:10  Nexus  
  114  8:20  Phoenix  
  114  8:23  Stargate  
  114  8:26  Fleet Beacon  
  116  8:29  Probe  
  117  8:34  Psionic Storm  
  117  8:35  Pylon x2  
  117  8:53  Probe x3, Phoenix  
  122  9:02  High Templar x5  
  132  9:05  Probe  
  133  9:12  Pylon  
  133  9:13  Pylon  
  133  9:22  Probe x3  
  133  9:23  Zealot x2  
  140  9:28  Phoenix  
  138  9:41  Anion Pulse-Crystals (Chrono Boost), Phoenix  
  138  9:48  Protoss Ground Weapons Level 2 (Chrono Boost)  
  138  9:52  Zealot x2  
  141  9:53  Phoenix (Chrono Boost)  
  141  9:54  Zealot  
  141  9:58  Dark Shrine  
  144  10:01  Zealot x4  
  144  10:03  Protoss Air Weapons Level 1 (Chrono Boost)  
  144  10:06  Phoenix (Chrono Boost)  
  155  10:07  Probe x4, Pylon  
  155  10:11  Assimilator  
  158  10:14  Assimilator, Phoenix (Chrono Boost)  
  158  10:16  Phoenix (Chrono Boost)  
  160  10:24  Pylon  
  160  10:25  Pylon, Phoenix (Chrono Boost), Colossus  
  160  10:26  Pylon  
  168  10:29  Photon Cannon  
  168  10:45  Probe x3  
  171  10:59  Carrier, Stargate  
  171  11:01  Stargate  
  177  11:12  Shadow Stride (Chrono Boost)  
  177  11:13  Nexus  
  177  11:18  Photon Cannon x2  
  177  11:21  Pylon  
  177  11:22  Pylon x2  
  177  11:23  Pylon  
  177  11:32  Protoss Shields Level 1 (Chrono Boost)  
  177  11:37  Cybernetics Core  
  177  11:44  Observer  
  145  12:04  Carrier x2 (Chrono Boost), Zealot x7  
  145  12:05  Observer  
  184  12:14  Carrier x2 (Chrono Boost)  
  184  12:22  Protoss Ground Weapons Level 3 (Chrono Boost)  
  184  12:26  Protoss Air Armor Level 1 (Chrono Boost)  
  184  12:27  Observer  
  185  12:32  Nexus  
  185  12:34  Pylon  
  185  12:47  Photon Cannon  
  185  12:48  Photon Cannon, Observer, Shield Battery  
  185  12:49  Pylon  
  185  12:50  Protoss Air Weapons Level 2 (Chrono Boost), Photon Cannon  
  186  12:51  Photon Cannon  
  186  12:53  Pylon x2, Photon Cannon  
  186  13:26  Photon Cannon  
  186  13:27  Photon Cannon  
  186  13:28  Protoss Shields Level 2 (Chrono Boost)  
  186  13:29  Pylon, Photon Cannon  
  186  13:32  Photon Cannon  
  186  13:33  Photon Cannon  
  186  13:41  Assimilator  
  186  13:45  Assimilator  
  186  13:47  Gravitic Boosters (Chrono Boost)  
  186  13:48  Pylon  
  186  13:50  Photon Cannon  
  186  13:53  Photon Cannon  
  186  13:55  Photon Cannon  
  186  13:59  Pylon  
  186  14:02  Carrier x2  
  198  14:18  Nexus  
  158  14:45  Carrier x2  
  168  14:46  High Templar x2  
  168  14:47  High Templar x4  
  180  15:00  Protoss Air Armor Level 2 (Chrono Boost)  
  180  15:03  Pylon  
  180  15:05  Pylon  
  180  15:06  Carrier x2  
  192  15:07  Pylon  
  192  15:10  Protoss Ground Armor Level 2 (Chrono Boost)  
  192  15:12  Stargate  
  192  15:13  Pylon, Stargate  
  192  15:16  Dark Templar  
  192  15:19  Dark Templar x2  
  198  15:42  Photon Cannon  
  198  15:46  Photon Cannon  
  198  15:49  Photon Cannon x2  
  198  15:50  Photon Cannon  
  198  15:51  Photon Cannon  
  198  15:52  Photon Cannon  
  198  15:53  Photon Cannon, Shield Battery  
  198  15:55  Photon Cannon  
  198  15:56  Shield Battery  
  196  15:58  Photon Cannon  
  190  16:21  Photon Cannon  
  190  16:23  Photon Cannon  
  178  16:41  Observer  
  171  17:02  Observer  
  140  17:19  High Templar x2  
  140  17:20  High Templar x2  
  140  17:21  Probe x2  
  140  17:22  Probe x3  
  153  17:23  Carrier  
  153  17:24  Observer (Chrono Boost)  
  160  17:34  Robotics Facility  
  160  17:35  Robotics Facility  
  160  17:51  Assimilator  
  160  17:53  Assimilator  
  146  18:15  Carrier  
  146  18:16  Carrier x2  
  162  18:27  Carrier  
  162  18:30  High Templar x4  
  162  18:33  High Templar  
  178  18:41  Observer (Chrono Boost)  
  177  18:56  Disruptor x2 (Chrono Boost)  
  183  19:13  Disruptor (Chrono Boost)  
  186  19:20  Carrier x2  
  198  19:33  Nexus, Dark Templar  
  196  19:39  Pylon  
  196  19:40  Pylon x2  
  196  19:45  Tempest x2  
  180  20:10  Nexus  
Show
View Real Time Build Order
Export as new Build Order

Stinktier Terran 

Build Orders:  

Get SALT Encoding   

  12  0:00  SCV  
  13  0:12  SCV  
  14  0:17  Supply Depot  
  14  0:24  SCV  
  15  0:39  SCV  
  15  0:40  Barracks  
  16  0:51  SCV  
  17  1:03  SCV  
  18  1:04  Refinery  
  18  1:15  SCV  
  19  1:27  SCV  
  19  1:32  Command Center  
  20  1:33  Marine  
  20  1:39  SCV  
  23  1:58  Marine, Supply Depot  
  23  1:59  Orbital Command  
  23  2:18  Barracks Tech Lab  
  23  2:23  Command Center  
  23  2:26  SCV  
  24  2:36  Marine  
  25  2:37  Stimpack  
  25  2:39  SCV  
  26  2:44  Refinery  
  26  2:51  Orbital Command  
  26  2:54  Marine  
  26  2:55  SCV  
  28  3:09  SCV  
  29  3:13  Orbital Command, Marauder  
  29  3:16  Bunker  
  30  3:37  Barracks  
  30  3:39  SCV x2  
  30  3:40  Orbital Command  
  32  3:45  Engineering Bay  
  34  3:48  Marauder  
  33  3:59  SCV  
  34  4:03  SCV  
  34  4:05  SCV  
  36  4:11  SCV  
  36  4:14  Marauder  
  36  4:15  SCV  
  40  4:17  SCV  
  40  4:20  Combat Shield  
  40  4:23  SCV  
  42  4:27  SCV  
  42  4:30  SCV  
  44  4:31  Barracks  
  44  4:33  Barracks Tech Lab, Factory  
  44  4:35  SCV, Barracks Reactor  
  44  4:37  Marauder  
  47  4:42  Terran Infantry Weapons Level 1  
  47  4:49  Supply Depot  
  47  4:50  SCV  
  47  4:51  SCV x2  
  50  4:54  Supply Depot  
  50  4:57  Marine  
  51  5:03  SCV x3  
  54  5:15  SCV x3  
  54  5:16  Marauder  
  59  5:24  Missile Turret  
  59  5:28  SCV  
  60  5:30  Missile Turret  
  60  5:31  SCV x2  
  60  5:32  Refinery  
  60  5:33  Factory Reactor  
  60  5:34  Refinery  
  60  5:35  Starport  
  62  5:36  Barracks Reactor  
  62  5:37  Marine  
  62  5:38  Concussive Shells  
  62  5:39  Marine x2  
  62  5:40  SCV  
  66  5:42  Ghost Academy  
  66  5:43  SCV x2  
  66  5:49  Supply Depot  
  68  5:52  SCV, Supply Depot  
  68  5:55  SCV x2, Marauder  
  68  5:56  Marine  
  73  5:57  Armory  
  73  6:00  Engineering Bay  
  73  6:01  Marine  
  75  6:04  SCV  
  75  6:07  SCV  
  75  6:11  SCV  
  78  6:14  Marine  
  78  6:16  Marauder  
  81  6:19  Marine  
  81  6:20  Medivac x2  
  81  6:22  Factory Tech Lab, Marine x2  
  81  6:25  SCV x2  
  91  6:32  Marine  
  92  6:35  Orbital Command  
  92  6:37  SCV, Marine  
  93  6:48  Supply Depot  
  93  6:49  Supply Depot  
  93  6:52  Supply Depot x2  
  93  6:56  Medivac x2, SCV, Marine x3  
  101  7:09  Marine  
  101  7:10  SCV x3, Marauder  
  101  7:12  Terran Infantry Weapons Level 2  
  101  7:14  Marine  
  101  7:15  Terran Infantry Armor Level 1  
  108  7:22  SCV x3  
  111  7:25  Missile Turret  
  111  7:26  Marine x2  
  111  7:27  Marine  
  114  7:30  Refinery  
  114  7:31  Marauder, Marine  
  114  7:35  Refinery  
  117  7:39  Medivac x2  
  117  7:44  Marine x2  
  121  7:45  Marine  
  121  7:47  Missile Turret, Siege Tank  
  121  7:51  SCV x3  
  129  7:53  Marauder  
  132  8:02  Marine, Supply Depot  
  133  8:17  SCV  
  133  8:23  SCV x2, Marine x2  
  133  8:24  Marauder, Marine x2, Supply Depot  
  141  8:41  Supply Depot  
  141  8:42  Enhanced Shockwaves  
  141  8:43  Supply Depot x2  
  141  8:45  Marine x2, Viking x2  
  141  8:46  Marauder, Supply Depot  
  141  8:47  Supply Depot, Command Center  
  149  8:49  Supply Depot  
  149  8:50  Supply Depot  
  149  8:51  Barracks  
  149  8:53  Barracks  
  149  9:03  Marine x3, Siege Tank  
  149  9:07  Marauder  
  157  9:20  Marine  
  158  9:28  Marauder  
  157  9:48  Marine x2  
  157  9:49  Marine x2  
  157  9:50  Barracks Tech Lab  
  157  9:51  Barracks Tech Lab  
  160  9:59  Planetary Fortress  
  159  10:01  Personal Cloaking, Missile Turret  
  159  10:03  SCV x3  
  162  10:15  SCV x2  
  162  10:16  SCV  
  162  10:17  Barracks  
  162  10:18  Unknown  
  162  10:19  Barracks  
  165  10:21  Refinery, Supply Depot  
  165  10:23  Refinery, Marauder x2, Missile Turret  
  165  10:24  Marine x3  
  165  10:25  Marine  
  175  10:42  Marine x3  
  177  10:43  SCV x3  
  185  10:52  Unknown  
  185  10:54  Command Center  
  185  10:55  SCV x3  
  188  10:59  Marine  
  188  11:00  Marine x3  
  188  11:03  Terran Infantry Weapons Level 3  
  194  11:04  Terran Infantry Armor Level 2  
  194  11:07  Barracks Tech Lab x2, SCV x2  
  196  11:12  Unknown x2  
  200  11:25  Unknown  
  200  11:41  Unknown x2  
  153  12:05  Medivac x2  
  153  12:06  Marine x8  
  153  12:07  Marauder  
  165  12:24  Marine x3  
  165  12:25  Marauder  
  176  12:33  Missile Turret  
  176  12:35  Medivac x2, Command Center  
  180  12:38  Marine  
  180  12:39  Command Center  
  180  12:41  Marine, Command Center  
  180  12:42  Terran Vehicle And Ship Armor Level 1, Marine  
  185  12:45  Planetary Fortress  
  187  12:53  Unknown x3  
  187  12:55  Missile Turret  
  187  12:58  Nuke  
  187  13:00  Barracks  
  187  13:01  Barracks  
  187  13:03  Barracks x2  
  187  13:04  Medivac  
  187  13:05  Medivac  
  191  13:07  Unknown  
  187  13:14  Unknown  
  187  13:15  Missile Turret  
  187  13:17  Missile Turret x2  
  187  13:18  Missile Turret  
  187  13:22  Missile Turret  
  187  13:23  Missile Turret  
  185  14:04  Marine  
  185  14:05  Marauder x2, Marine x3  
  111  14:33  Marine x9  
  111  14:37  Barracks Tech Lab, Barracks Reactor x2  
  111  14:38  Barracks Tech Lab  
  106  14:42  Viking x2  
  107  14:50  Marine  
  107  14:51  Marine x4  
  107  14:52  Marauder x4  
  120  14:55  Orbital Command  
  120  14:56  Orbital Command  
  120  14:57  Orbital Command  
  120  15:02  Refinery  
  120  15:03  Refinery  
  124  15:08  Marine  
  124  15:09  Marine x3  
  124  15:12  Viking x2  
  142  15:21  Terran Infantry Armor Level 3  
  142  15:22  Terran Vehicle And Ship Armor Level 2, Starport  
  142  15:24  Thor  
  142  15:25  Starport  
  142  15:26  Marine, Starport  
  149  15:33  Unknown x2  
  153  15:37  Unknown  
  153  15:41  Unknown x4, Viking  
  153  15:42  Marauder x2  
  164  16:02  Marauder x2, Unknown x2  
  172  16:06  Unknown  
  172  16:10  Unknown x2  
  176  16:19  Marauder  
  176  16:24  Marauder x2  
  182  16:31  Marauder, Unknown x2  
  186  16:35  Unknown  
  186  16:38  Unknown  
  188  16:45  Nuke  
  188  16:46  Starport Tech Lab x2  
  188  16:47  Starport Tech Lab  
  188  16:50  Fusion Core  
  188  17:00  Unknown  
  174  17:03  Unknown  
  91  17:16  Marine x15  
  106  17:33  Marine  
  106  17:34  Marine x13, Viking x2  
  124  17:38  Battlecruiser x3  
  142  17:44  Starport x2  
  142  17:46  Starport  
  142  17:50  Marine  
  143  17:51  Marine  
  143  17:52  Marine x13  
  157  18:03  Medivac  
  157  18:04  Medivac  
  161  18:08  Marine  
  161  18:09  Marine x3  
  150  18:41  Viking  
  150  18:42  Medivac, Battlecruiser x3  
  174  18:53  Starport Tech Lab x3  
  174  18:58  Weapon Refit  
  174  19:09  Refinery, Marine  
  175  19:10  Marine x13  
  175  19:11  Refinery, Medivac  
  175  19:13  Marine, Unknown  
  191  19:20  Nuke  
  191  19:27  Marine  
  191  19:28  Orbital Command, Marine x5  
  107  20:27  Marine x2  
  107  20:28  Marine x13  
Tags
 
Add a new tag
Caveats
  • Supply blocks, unpowered buildings, or Contaminate may cause inaccurate times.
  • Supply counts are checked every 10 seconds.